Map: Ever Dream LE

Players

Namshar

  • Race: Zerg Zerg
  • League: Master
  • Spawn Location: 1:00

MCanning - Winner!

  • Race: Protoss Protoss
  • Spawn Location: 7:00

Event: DreamHack SC2 Masters 2020 Fall

VOD

Have the link to the VOD?

Description

Time

  • Played on: Sept. 5, 2020, 5:06 p.m.
  • Length: 17:08

All games in this series

Show
View Real Time Build Order
Export as new Build Order

Namshar Zerg 

Build Orders: Pool First 

Get SALT Encoding   

  12  0:00  Drone  
  13  0:12  Overlord  
  13  0:17  Drone  
  14  0:30  Drone x2  
  14  0:34  Drone  
  17  0:42  Spawning Pool  
  16  0:47  Drone  
  17  1:06  Hatchery  
  17  1:11  Drone, Extractor  
  16  1:14  Drone  
  17  1:29  Queen, Zergling x2  
  17  1:32  Drone  
  21  1:38  Overlord  
  21  1:50  Drone  
  22  2:00  Drone  
  23  2:04  Queen  
  25  2:10  Zergling x2  
  26  2:19  Drone  
  27  2:29  Drone x2  
  29  2:34  Drone  
  30  2:37  Pneumatized Carapace  
  30  2:38  Drone x3  
  32  2:44  Hatchery  
  32  2:49  Overlord  
  31  2:52  Drone  
  31  2:55  Drone  
  33  3:02  Metabolic Boost  
  33  3:05  Drone x2  
  35  3:14  Drone x2  
  35  3:15  Zergling x4  
  35  3:19  Queen  
  39  3:26  Drone  
  42  3:27  Drone  
  43  3:39  Drone, Roach Warren  
  43  3:48  Overlord, Spore Crawler  
  42  3:50  Drone  
  42  3:51  Spore Crawler  
  42  3:53  Drone  
  43  3:58  Overlord  
  43  3:59  Drone x3  
  46  4:03  Lair  
  46  4:07  Spore Crawler  
  45  4:15  Zergling x14  
  52  4:19  Queen  
  54  4:32  Drone  
  54  4:33  Drone x4  
  54  4:35  Overlord  
  59  4:42  Roach x3  
  65  4:49  Overlord x2  
  65  4:55  Roach  
  65  4:56  Roach x3  
  73  5:07  Drone, Overlord x2  
  73  5:14  Drone x5  
  78  5:21  Overseer  
  78  5:24  Drone, Extractor  
  78  5:25  Drone, Extractor  
  78  5:27  Extractor  
  77  5:30  Drone x6  
  79  5:41  Roach x2  
  75  5:54  Queen  
  72  5:58  Roach x3  
  78  6:07  Drone  
  78  6:08  Drone x6  
  78  6:09  Glial Reconstitution, Queen  
  78  6:11  Queen  
  87  6:16  Overseer  
  89  6:23  Extractor  
  85  6:32  Overlord, Hatchery  
  79  6:33  Overseer  
  77  6:42  Hatchery  
  77  6:46  Queen  
  76  6:52  Roach x5  
  88  7:02  Queen  
  88  7:05  Extractor  
  89  7:09  Drone x2  
  89  7:10  Drone  
  89  7:11  Evolution Chamber  
  89  7:14  Drone  
  92  7:16  Roach  
  92  7:17  Roach  
  96  7:26  Drone  
  96  7:28  Drone  
  98  7:33  Hydralisk Den  
  98  7:35  Roach x3, Overseer  
  103  7:38  Ravager x3  
  103  7:43  Queen, Unknown  
  107  7:49  Drone x5  
  112  7:53  Queen  
  112  7:54  Drone  
  112  7:55  Drone  
  116  8:03  Grooved Spines  
  116  8:04  Drone x3  
  119  8:14  Zerg Missile Weapons Level 1  
  119  8:19  Overlord x4  
  119  8:28  Infestation Pit  
  118  8:39  Roach x10  
  138  8:45  Ravager  
  139  8:51  Roach x6  
  143  9:03  Roach  
  143  9:08  Roach x3  
  143  9:14  Muscular Augments  
  143  9:15  Roach x3  
  145  9:18  Hatchery  
  145  9:19  Overlord x2  
  145  9:21  Ravager  
  142  9:31  Ravager  
  142  9:34  Ravager  
  135  9:39  Roach x6  
  135  9:44  Roach x2  
  137  9:50  Roach  
  137  9:51  Roach x2  
  127  9:53  Roach x3  
  111  10:01  Roach x2  
  111  10:05  Roach  
  108  10:11  Roach  
  108  10:14  Ravager x2  
  109  10:15  Ravager  
  109  10:16  Roach x2  
  112  10:22  Roach  
  112  10:28  Roach x2  
  112  10:32  Roach x3  
  101  10:41  Roach x3  
  97  10:46  Roach  
  91  10:54  Roach x2  
  93  10:58  Drone x6  
  93  11:01  Drone x5  
  94  11:05  Drone x2  
  94  11:06  Queen  
  96  11:12  Drone  
  96  11:15  Roach  
  96  11:16  Roach x2, Overseer  
  103  11:30  Hydralisk x2  
  107  11:37  Hydralisk x2  
  112  11:40  Drone x2  
  112  11:43  Roach x3  
  112  11:45  Extractor  
  118  11:48  Drone x3  
  118  11:53  Hydralisk x2  
  118  11:54  Overlord x2  
  125  11:56  Hydralisk x2  
  125  12:00  Drone x3  
  132  12:04  Extractor  
  129  12:09  Hydralisk  
  129  12:10  Zergling x14  
  133  12:19  Hydralisk  
  133  12:20  Hydralisk, Zergling x2  
  129  12:27  Hydralisk x3  
  129  12:28  Zergling x4  
  134  12:30  Overseer  
  119  13:02  Hydralisk x5  
  128  13:11  Queen  
  129  13:14  Overlord x3  
  129  13:26  Overlord  
  129  13:30  Overseer  
  129  13:31  Hatchery  
  129  13:33  Overseer  
  128  13:36  Ravager  
  128  13:37  Ravager  
  128  13:38  Hydralisk x2, Ravager  
  128  13:40  Drone x2  
  135  13:54  Drone  
  135  13:55  Drone x4  
  138  13:56  Drone  
  138  13:57  Drone x2  
  138  13:58  Zerg Missile Weapons Level 2  
  141  14:20  Overlord x4  
  141  14:23  Drone x3, Extractor  
  143  14:25  Hydralisk x3, Extractor  
  140  14:37  Overlord x2  
  117  14:47  Hydralisk x4  
  121  14:57  Hydralisk  
  125  15:05  Overseer  
  121  15:14  Hatchery  
  121  15:15  Hydralisk  
  121  15:18  Overseer  
  121  15:20  Hydralisk  
  122  15:29  Hydralisk x2  
  126  15:38  Hydralisk  
  128  15:47  Drone  
  128  15:49  Lurker Den  
  121  15:59  Hydralisk x2  
Show
View Real Time Build Order
Export as new Build Order

MCanning Protoss - Winner!

Build Orders: 1 Gate Expand, Zealot Archon, Dark Templar Rush 

Get SALT Encoding   

  12  0:00  Probe  
  13  0:12  Probe  
  14  0:18  Pylon  
  14  0:24  Probe  
  15  0:36  Gateway, Probe (Chrono Boost)  
  16  0:47  Assimilator, Probe (Chrono Boost)  
  17  0:52  Probe (Chrono Boost)  
  18  1:03  Probe  
  19  1:15  Unknown, Probe  
  19  1:16  Unknown x2  
  20  1:22  Nexus  
  20  1:32  Cybernetics Core  
  20  1:36  Probe  
  20  1:39  Unknown  
  21  1:45  Pylon  
  21  1:49  Probe  
  22  1:57  Assimilator  
  22  2:01  Probe  
  23  2:06  Adept (Chrono Boost)  
  23  2:13  Probe  
  23  2:15  Warp Gate  
  26  2:25  Probe  
  27  2:30  Twilight Council  
  27  2:36  Stalker  
  28  2:37  Probe (Chrono Boost)  
  28  2:39  Probe (Chrono Boost)  
  30  2:48  Probe (Chrono Boost)  
  30  2:50  Probe (Chrono Boost)  
  32  2:53  Probe (Chrono Boost)  
  32  2:56  Gateway  
  32  2:57  Probe  
  33  3:04  Robotics Facility  
  34  3:08  Probe  
  34  3:10  Probe  
  36  3:20  Probe (Chrono Boost)  
  36  3:23  Dark Shrine  
  38  3:27  Probe (Chrono Boost)  
  38  3:31  Probe (Chrono Boost)  
  38  3:33  Gateway  
  39  3:36  Probe (Chrono Boost)  
  39  3:38  Gateway, Probe (Chrono Boost)  
  41  3:46  Probe  
  42  3:48  Warp Prism (Chrono Boost)  
  42  3:53  Probe  
  45  3:59  Pylon  
  45  4:00  Assimilator  
  45  4:02  Assimilator  
  45  4:03  Probe  
  46  4:15  Warp Prism (Chrono Boost)  
  46  4:17  Probe  
  46  4:19  Pylon, Probe  
  50  4:24  Pylon  
  50  4:29  Probe  
  51  4:36  Dark Templar  
  51  4:38  Dark Templar x2  
  55  4:40  Probe  
  58  4:49  Dark Templar  
  58  4:51  Probe  
  58  4:52  Probe  
  61  4:56  Pylon  
  59  5:03  Probe  
  60  5:12  Dark Templar x2  
  64  5:15  Dark Templar  
  66  5:25  Nexus  
  66  5:27  Pylon  
  66  5:32  Probe  
  66  5:37  Dark Templar  
  68  5:47  Probe x2  
  68  6:03  Nexus  
  68  6:05  Pylon  
  68  6:08  Robotics Bay  
  68  6:09  Robotics Facility  
  68  6:13  Dark Templar  
  68  6:15  Blink (Chrono Boost)  
  70  6:23  Gateway x2  
  70  6:26  Probe  
  69  6:39  Probe  
  68  6:44  Gateway, Stalker  
  68  6:45  Stalker x2  
  68  6:46  Shield Battery, Gateway  
  74  6:53  Disruptor x2 (Chrono Boost)  
  74  6:57  Probe  
  74  7:00  Shield Battery, Archon  
  81  7:09  Zealot, Dark Templar  
  81  7:11  Probe  
  86  7:16  Probe  
  87  7:23  Disruptor (Chrono Boost)  
  87  7:26  Probe x2  
  87  7:28  Probe  
  93  7:32  Disruptor (Chrono Boost)  
  93  7:35  Forge, Assimilator  
  96  7:38  Probe x2  
  96  7:41  Archon  
  96  7:42  Archon  
  96  7:44  Probe  
  99  7:45  Stalker  
  99  7:47  Pylon  
  99  7:49  Pylon  
  101  7:52  Pylon  
  102  8:06  Pylon  
  102  8:08  Stalker x4  
  102  8:09  Observer (Chrono Boost), Stalker  
  112  8:13  Stalker  
  112  8:14  Zealot  
  116  8:20  Zealot  
  116  8:26  Probe  
  119  8:32  Stalker x3  
  125  8:41  Stalker x4  
  121  9:04  Stalker x5  
  115  9:12  Probe  
  115  9:15  Charge  
  115  9:16  Stalker  
  115  9:17  Stalker x2  
  120  9:34  Stalker x3  
  124  9:39  Stalker x2  
  108  9:54  Stalker x3  
  106  10:01  Stalker x3  
  110  10:14  Dark Templar x2  
  109  10:15  Zealot  
  109  10:21  Zealot x2  
  111  10:29  Assimilator  
  111  10:30  Zealot x3  
  111  10:33  Disruptor (Chrono Boost)  
  112  10:40  Zealot  
  112  10:41  Disruptor (Chrono Boost)  
  105  10:48  Zealot, Stalker x3  
  89  11:04  Nexus  
  89  11:05  Zealot x3  
  89  11:06  Zealot, Protoss Ground Weapons Level 1 (Chrono Boost), Pylon  
  89  11:08  Warp Prism (Chrono Boost)  
  89  11:10  Zealot  
  89  11:11  Zealot x2  
  103  11:13  Photon Cannon  
  103  11:16  Photon Cannon  
  105  11:21  Photon Cannon  
  105  11:25  Dark Templar x2  
  107  11:29  Observer (Chrono Boost)  
  107  11:32  Dark Templar x2, Archon  
  110  11:35  Pylon  
  110  11:37  Archon  
  110  11:38  Stalker  
  116  11:44  Dark Templar  
  116  11:51  Dark Templar  
  118  11:56  Photon Cannon  
  118  11:59  Shield Battery, Stalker x2  
  122  12:12  Disruptor  
  125  12:20  Zealot x4  
  125  12:21  Zealot  
  130  12:27  Disruptor  
  125  12:39  Zealot x3  
  129  12:45  Zealot x3  
  129  12:48  Disruptor (Chrono Boost)  
  118  12:52  Zealot  
  104  13:00  Disruptor (Chrono Boost)  
  98  13:17  Disruptor (Chrono Boost)  
  101  13:23  Stalker  
  101  13:24  Zealot, Stalker  
  101  13:25  Zealot x5  
  115  13:28  Disruptor (Chrono Boost)  
  115  13:32  Extended Thermal Lance  
  118  13:43  Disruptor (Chrono Boost)  
  118  13:47  Stalker x3  
  118  13:48  Stalker  
  125  13:54  Dark Templar  
  125  13:55  Zealot x2  
  131  14:02  Pylon  
  131  14:06  Dark Templar  
  133  14:12  Zealot x4  
  133  14:14  Colossus (Chrono Boost)  
  136  14:27  Protoss Ground Weapons Level 2 (Chrono Boost)  
  134  14:35  Colossus (Chrono Boost)  
  128  14:52  Dark Templar x3  
  130  14:56  Zealot x4  
  130  14:57  Colossus (Chrono Boost)  
  144  15:08  Stalker  
  146  15:18  Dark Templar, Colossus (Chrono Boost)  
  148  15:21  Zealot x3  
  148  15:27  Assimilator  
  158  15:28  Pylon  
  158  15:31  Assimilator  
  158  15:34  Dark Templar  
  158  15:35  Dark Templar  
  162  15:40  Stalker x2, Archon  
  166  15:50  Zealot x3  
  166  15:51  Zealot  
  174  16:02  Probe, Archon  
  173  16:06  Zealot x2  
  173  16:07  Zealot  
  173  16:08  Probe  
  172  16:37  Stalker x3  
  178  17:03  Nexus  
  178  17:05  Nexus  

Tags
 
Add a new tag
Caveats
  • Supply blocks, unpowered buildings, or Contaminate may cause inaccurate times.
  • Supply counts are checked every 10 seconds.